 Dungeon Crawl Stone Soup version 0.31-a0-222-gefeffbb62a (webtiles) character file.

Game seed: 17953634408679285693

49 qw the Chopper (level 3, -1/23 HPs)
             Began as a Gargoyle Fighter on July 4, 2023.
             Slain by Sigmund
             ... wielding a +0 scythe
              (5 damage)
             ... on level 2 of the Dungeon.
             The game lasted 00:00:55 (1130 turns).

qw the Chopper (Gargoyle Fighter)                   Turns: 1130, Time: 00:00:56

Health: -1/23      AC: 10    Str: 21    XL:     3   Next: 77%
Magic:  3/3        EV:  9    Int:  8    God:
Gold:   7          SH:  4    Dex:  9    Spells: 2/2 levels left

rFire   . . .        Y - +1 war axe
rCold   . . .        c - +0 buckler
rNeg    + . .        b - +0 scale mail
rPois   inf          (no helmet)
rElec   +            (no cloak)
rCorr   .            (no gloves)
SInv    .            (no boots)
Will    .....        (no amulet) Stlth
                     (no ring)
HPRegen 0.23/turn    (no ring)
MPRegen 0.08/turn

%: no passive effects
@: no status effects
A: sickness immunity, AC +3, negative energy resistance 1, electricity
resistance, torment resistance 1, petrification resistance
a: no special abilities


You were on level 2 of the Dungeon.
You visited 1 branch of the dungeon, and saw 2 of its levels.

You collected 57 gold pieces.
You spent 50 gold pieces at shops.


Innate Abilities, Weirdness & Mutations

You are immune to sickness and miasma.
Your stone body is resilient. (AC +3)
You are immune to poison.
You resist negative energy. (rN+)
You are resistant to electric shocks. (rElec)
You are resistant to unholy torment.
You are immune to petrification.


   Skills:
 - Level 3.2 Fighting
 + Level 3.6 Axes
 - Level 3.2 Armour
 - Level 3.2 Shields


You had 2 spell levels left.
You didn't know any spells.
Your spell library was empty.

Inventory:

Hand Weapons
 l - the +5 flail of Midnight {elec, rPois rC- Int+5 SInv}
   (You found it on level 2 of the Dungeon)

   Int:       It affects your intelligence (+5).
   rC:        It makes you vulnerable to cold.
   rPois:     It protects you from poison.
   SInv:      It lets you see invisible.
 o - a +0 mace
 Y - a +1 war axe (weapon)
Armour
 b - a +0 scale mail (worn)
 c - a +0 buckler (worn)
Scrolls
 a - a scroll of poison {unknown}
 e - a scroll of immolation {unknown}
 g - 2 scrolls of identify
Potions
 d - a potion of might
 f - a potion of degeneration {unknown}
 h - a potion of lignification {unknown}
 i - a potion of haste {unknown}
 j - a potion of cancellation {unknown}
 k - a potion of heal wounds {unknown}
 m - a potion of resistance {unknown}
 n - a potion of curing {unknown}

Dungeon Overview and Level Annotations

Branches:
Dungeon (2/15)

Altars:

Shops:
D:2 *

Annotations:
D:2 Sigmund


Message History

You completely miss Sigmund. Sigmund gestures at you while chanting.
You are confused.
Sigmund casts a spell at you.
The puff of flame hits you but does no damage.
Sigmund hits you with a +0 scythe. Sigmund barely misses you.
Sigmund points at you and mumbles some strange words.
The puff of flame hits you!
You feel less confused. Sigmund closely misses you.
You closely miss Sigmund. Sigmund closely misses you.
You closely miss Sigmund. Sigmund hits you but does no damage.
You hit Sigmund.
Sigmund is lightly wounded.
Sigmund points at you and mumbles some strange words.
The magic dart hits you.
You slash Sigmund!
Sigmund is heavily wounded.
Sigmund points at you and mumbles some strange words.
You resist with significant effort.
You hit Sigmund.
Sigmund is heavily wounded.
Sigmund closely misses you.
You closely miss Sigmund.
Sigmund is heavily wounded.
Sigmund gestures at you while chanting. The magic dart hits you.
You slash Sigmund!
Sigmund is severely wounded.
Sigmund mumbles some strange words.
Sigmund flickers and vanishes!
Deactivating autopickup; reactivate with Ctrl-A.
Something hits you.
You barely miss something. You miss something. Something hits you.
You die...

... .. ######## .@
.......# . .......### .#
...).....# #######.#
.......#.###....@{.####.
....%..#..##.)..........
###.#####.%#.##########.
###%# ##.)......# ##..#
#...[....# ...##
#.%......# ..#####
##.....[..#####..
..:...###............)...
........#.......%.....##


There were no monsters in sight!

Vanquished Creatures
  A worm (D:2)
  A dart slug (D:1)
  7 ball pythons
  3 bats (D:1)
  2 endoplasms (D:1)
  3 giant cockroaches (D:1)
  5 goblins
  5 hobgoblins
  4 kobolds
  3 quokkas (D:2)
  4 frilled lizards
  4 rats
42 creatures vanquished.

Notes
Turn   | Place    | Note
-------+----------+-------------------------------------------
     0 | D:1      | qw the Gargoyle Fighter began the quest for the Orb.
     0 | D:1      | Reached XP level 1. HP: 14/14 MP: 1/1
     0 | D:1      | 0 ||| qw: Version: 0.3-a-46-gb1f654a
     0 | D:1      | 0 ||| qw: Game counter: 871
     0 | D:1      | 0 ||| qw: Melee chars always use a shield: true
     0 | D:1      | 0 ||| qw: God list: Okawaru
     0 | D:1      | 0 ||| qw: Allow faded altars: false
     0 | D:1      | 0 ||| qw: Do Orc after clearing Dungeon:15 true
     0 | D:1      | 0 ||| qw: Do second Lair branch before Depths: true
     0 | D:1      | 0 ||| qw: Lair rune preference: random
     0 | D:1      | 0 ||| qw: Goals: Normal, Zot:1-4, Slime:5, God:TSO, Crypt,
                  | Tomb, Abyss, Pan, Hells, Win
     0 | D:1      | 0 ||| PLANNING D:1-11
   275 | D:1      | Reached XP level 2. HP: 15/19 MP: 2/2
   275 | D:1      | 275 ||| FLEEEEING.
   277 | D:1      | 277 ||| FLEEEEING.
   278 | D:1      | 278 ||| FLEEEEING.
   279 | D:1      | 279 ||| FLEEEEING.
   280 | D:1      | 280 ||| FLEEEEING.
   281 | D:1      | 281 ||| FLEEEEING.
   282 | D:1      | 282 ||| FLEEEEING.
   283 | D:1      | 283 ||| FLEEEEING.
   284 | D:1      | 284 ||| FLEEEEING.
   285 | D:1      | 285 ||| FLEEEEING.
   319 | D:1      | 319 ||| Stepping ~*~*~tactically~*~*~ (hiding).
   320 | D:1      | 320 ||| Stepping ~*~*~tactically~*~*~ (hiding).
   473 | D:1      | Reached skill level 3 in Axes
   529 | D:1      | 529 ||| Stepping ~*~*~tactically~*~*~ (stealth).
   558 | D:1      | Reached XP level 3. HP: 23/23 MP: 3/3
   684 | D:1      | 684 ||| READING scroll labelled UTHROC MELELI.
   688 | D:1      | 688 ||| READING 2 scrolls labelled HEPTAO ESMEY.
   689 | D:1      | 689 ||| READING scroll labelled LEFIAJOXAC.
   690 | D:1      | 690 ||| READING scroll labelled CAREMIRAIM.
   791 | D:1      | 791 ||| READING scroll labelled ECEABLA FYESO.
   858 | D:2      | Identified the +5 flail of Midnight {elec, rPois rC- Int+5
                  | SInv}
   869 | D:2      | Found a faded altar of an unknown god.
   914 | D:2      | 914 ||| DROPPING +0 club.
   963 | D:2      | Identified the +2 robe "Adwirelo" {Regen+ Int+2 Dex+3
                  | Archmagi}
   987 | D:2      | Found Neck's General Store.
  1005 | D:2      | 1005 ||| BUYING +0 mace (30 gold).
  1005 | D:2      | Bought a +0 mace for 30 gold pieces
  1005 | D:2      | 1005 ||| BUYING scroll of identify (20 gold).
  1005 | D:2      | Bought a scroll of identify for 20 gold pieces
  1005 | D:2      | 1005 ||| SHOPLISTING scroll of identify (20 gold, have 7).
  1005 | D:2      | 1005 ||| DROPPING +0 whip.
  1108 | D:2      | Noticed Sigmund
  1109 | D:2      | 1109 ||| Stepping ~*~*~tactically~*~*~ (hiding).
  1120 | D:2      | HP: 5/23 [Sigmund/puff of flame (7)]
  1127 | D:2      | HP: 5/23 [Sigmund/magic dart (1)]
  1130 | D:2      | Slain by Sigmund

Levels and vault maps discovered:
D:1:      dpeg_arrival_more_subterranean_lakeside_camping, layout_basic
D:2:      layout_rooms, basic_ecumenical_altar, serial_shops, shop, uniq_sigmund

Skill      XL: |  1  2 |
---------------+-------+-----
Axes           | 2 3 |  3.6
Fighting       | |  3.2
Armour         | |  3.2
Shields        | |  3.2

Action                     || total
---------------------------++-------
  Melee: War axe           ||   134
    Use: Scroll            ||     5
 Armour: Scale mail        ||    57
  Dodge: Dodged            ||    51
  Block: Buckler           ||    18

Table legend:
 A = Non-vault XP
 B = Vault XP
 C = Vault XP percentage of total XP
 D = Non-vault monster count
 E = Vault monster count
 F = Vault count percentage of total count
                 A         B        C        D         E       F
            +---------+---------+-------+---------+---------+-------
      Total |      71 |       0 |   0.0 |      42 |       0 |   0.0
            +---------+---------+-------+---------+---------+-------
        D:1 |      43 |       0 |   0.0 |      25 |       0 |   0.0
        D:2 |      28 |       0 |   0.0 |      17 |       0 |   0.0
            +---------+---------+-------+---------+---------+-------
